AoeStats
← Tebini Koppini

Glade

510396083Analyzed
1v1 RM · 1d ago on Sep 30, 2026· 38m 43s· 2 players
Game mode
Random Map
Map size
Tiny (2 player)
Population
200
Speed
Normal
Resources
Standard
Victory
Conquest
Starting age
Dark Age
Ending age
Imperial Age
RankedLock teamsTeams togetherTeam positionsShared explorationLock speedFull tech treeHidden civsTurbo modeCheats
Victory
Defeat
🇦🇷 Persians · Argentina
1604
+13
🇩🇪 Armenians · Germany
1529
-13
Tschäksn
7:32 Loom
11:28 Feudal Age
16:14 Castle Age
14:24 Horse Collar
14:49 Double-Bit Axe
19:30 Bow Saw
19:38 Town Watch
20:28 Wheelbarrow
20:37 Heavy Plow
23:54 Fletching
24:35 Stone Mining
24:49 Gold Mining
25:00 Bodkin Arrow
29:10 Imperial Age
27:07 Padded Archer Armor
29:05 Hand Cart
30:17 Conscription
30:43 Bracer
31:03 Masonry
31:59 Chemistry
32:21 Ballistics
33:01 Elite Composite Bowman
34:02 Leather Archer Armor
34:59 Scale Mail Armor
35:10 Forging
34:22 Man-at-Arms
34:48 Gambesons
35:03 Squires
34:49 Arson
35:57 Chain Mail Armor
35:37 Long Swordsman
36:15 Two-Handed Swordsman
37:31 Iron Casting
36:52 Champion
38:03 Plate Mail Armor
38:09 Iron Casting
39:25 Iron Casting
Tebini Koppini
4:31 Loom
11:01 Feudal Age
15:56 Castle Age
14:21 Double-Bit Axe
15:04 Fletching
16:27 Town Watch
18:07 Bodkin Arrow
20:01 Bow Saw
21:23 Guard Tower
22:27 Horse Collar
29:24 Imperial Age
30:54 Chemistry
36:39 Wheelbarrow
36:54 Padded Archer Armor
38:37 Leather Archer Armor
Connection lost

Rejoining the realm…

Still unreachable

The connection could not be restored.

Session expired

The server has moved on; the page needs a fresh start.